| TOP OF THE 1ST |
|
Lodi Crushers batting - Pitching for Fresno Grizzlies : RHP Felipe Caban
|
|
Pitching: RHP Felipe Caban
|
|
|
Batting: LHB Adrian Zepeda
|
0-0: Ball 1-0: Ball 2-0: Called Strike 2-1: Ball 3-1: Base on Balls
|
|
Batting: LHB Francisco Jabalera
|
0-0: Called Strike 0-1: Ball 1-1: Ball 2-1: Ball 3-1: Foul Ball, location: 2F 3-2: Base on Balls Adrian Zepeda to second
|
|
Batting: RHB Carmelo Martinez
|
0-0: Ball 1-0: Foul Ball, location: 2F 1-1: Ball 2-1: Foul Ball, location: 2F 2-2: Foul Ball, location: 2F 2-2: Foul Ball, location: 2F 2-2: Ball 3-2: Fly out, F6 (Popup, 6MS, EV 83.1 MPH)
|
|
Batting: RHB Ron Karkovice
|
0-0: Ball 1-0: SINGLE (Groundball, 5S, EV 68.1 MPH) (infield hit) Adrian Zepeda to third Francisco Jabalera to second
|
|
Batting: LHB Jeff Reed
|
0-0: Called Strike 0-1: Foul Ball, location: 2F 0-2: Ball 1-2: Strikes out swinging
|
|
Batting: RHB Chris Baker
|
0-0: Ball 1-0: Called Strike 1-1: Foul Ball, location: 2F 1-2: Ball Wild Pitch! Adrian Zepeda scores Francisco Jabalera to third Ron Karkovice to second 2-2: Ground out 4-3 (Groundball, 4, EV 115.6 MPH)
|
| Top of the 1st over - 1 run, 1 hit, 0 errors, 2 left on base; Lodi 1 - Fresno 0 |
| BOTTOM OF THE 1ST |
|
Fresno Grizzlies batting - Pitching for Lodi Crushers : RHP Dale Brown
|
|
Pitching: RHP Dale Brown
|
|
|
Batting: RHB Mike Jirschele
|
0-0: Foul Ball, location: 2F 0-1: Foul Ball, location: 2F 0-2: Strikes out swinging
|
|
Batting: LHB Roger Hill
|
0-0: Ball 1-0: Ball 2-0: Foul Ball, location: 2F 2-1: Foul Ball, location: 2F 2-2: Strikes out swinging
|
|
Batting: RHB Chris Fernandez
|
0-0: Ball 1-0: Ground out 5-3 (Groundball, 56S, EV 89.4 MPH)
|
| Bottom of the 1st over - 0 runs, 0 hits, 0 errors, 0 left on base; Lodi 1 - Fresno 0 |
| TOP OF THE 2ND |
|
Lodi Crushers batting - Pitching for Fresno Grizzlies : RHP Felipe Caban
|
|
Batting: RHB Steve Aragon
|
0-0: Ball 1-0: Ball 2-0: Ground out 5-3 (Groundball, 5, EV 99.4 MPH)
|
|
Batting: SHB Leon Baham
|
0-0: Called Strike 0-1: Swinging Strike 0-2: Strikes out looking
|
|
Batting: RHB Kerry Baker
|
0-0: Foul Ball, location: 2F 0-1: Foul Ball, location: 2F 0-2: Ball 1-2: Reached on error, E5 (Groundball, 5, EV 93.1 MPH)
|
|
Batting: LHB Adrian Zepeda
|
0-0: Called Strike 0-1: Ball 1-1: Ball 2-1: SINGLE (Line Drive, 4D, EV 105.0 MPH) Kerry Baker to second
|
|
Batting: LHB Francisco Jabalera
|
0-0: Ball 1-0: SINGLE (Groundball, 6MS, EV 75.0 MPH) (infield hit) Kerry Baker to third Adrian Zepeda to second
|
|
Batting: RHB Carmelo Martinez
|
0-0: Ground out 2-3 (Groundball, 13S, EV 68.1 MPH)
|
| Top of the 2nd over - 0 runs, 2 hits, 1 error, 3 left on base; Lodi 1 - Fresno 0 |
| BOTTOM OF THE 2ND |
|
Fresno Grizzlies batting - Pitching for Lodi Crushers : RHP Dale Brown
|
|
Batting: LHB Ron Oddo
|
0-0: Swinging Strike 0-1: Foul Ball, location: 2F 0-2: Ball 1-2: Ball 2-2: SINGLE (Line Drive, 9S, EV 104.4 MPH)
|
|
Batting: RHB Tom Johnson
|
0-0: Foul Ball, location: 2F 0-1: Ground out U3 (Groundball, 34S, EV 65.0 MPH) Ron Oddo to second
|
|
Batting: LHB Russ Aldrich
|
0-0: Called Strike 0-1: Called Strike 0-2: Ball 1-2: Ball 2-2: Ball 3-2: Foul Ball, location: 2F 3-2: Ground out U3 (Groundball, 3L, EV 88.8 MPH) Ron Oddo to third
|
|
Batting: LHB Jose Rivera
|
0-0: Ball 1-0: Fly out, F7 (Flyball, 7LM, EV 89.4 MPH)
|
| Bottom of the 2nd over - 0 runs, 1 hit, 0 errors, 1 left on base; Lodi 1 - Fresno 0 |
| TOP OF THE 3RD |
|
Lodi Crushers batting - Pitching for Fresno Grizzlies : RHP Felipe Caban
|
|
Batting: RHB Ron Karkovice
|
0-0: Called Strike 0-1: Ball 1-1: Ball 2-1: Ball 3-1: Base on Balls
|
|
Batting: LHB Jeff Reed
|
0-0: Swinging Strike 0-1: Ball 1-1: Ball 2-1: Ball 3-1: Swinging Strike 3-2: Grounds into double play, 4-6-3 (Groundball, 4M, EV 110.6 MPH)
|
|
Batting: RHB Chris Baker
|
0-0: Called Strike 0-1: SINGLE (Groundball, 34D, EV 95.6 MPH)
|
|
Batting: RHB Steve Aragon
|
0-0: Ball 1-0: Ground out 4-3 (Groundball, 4S, EV 68.8 MPH)
|
| Top of the 3rd over - 0 runs, 1 hit, 0 errors, 1 left on base; Lodi 1 - Fresno 0 |
| BOTTOM OF THE 3RD |
|
Fresno Grizzlies batting - Pitching for Lodi Crushers : RHP Dale Brown
|
|
Batting: RHB Ivan Mesa
|
0-0: Called Strike 0-1: Called Strike 0-2: Ground out 6-3 (Groundball, 6, EV 101.3 MPH)
|
|
Batting: RHB Emilio Carrasquel
|
0-0: Called Strike 0-1: Ball 1-1: Ball 2-1: Foul Ball, location: 2F 2-2: Ball 3-2: Foul Ball, location: 2F 3-2: Strikes out swinging
|
|
Batting: RHB Mike Jirschele
|
0-0: Ball 1-0: Called Strike 1-1: Fly out, F8 (Flyball, 8RXD, EV 100.6 MPH)
|
| Bottom of the 3rd over - 0 runs, 0 hits, 0 errors, 0 left on base; Lodi 1 - Fresno 0 |
| TOP OF THE 4TH |
|
Lodi Crushers batting - Pitching for Fresno Grizzlies : RHP Felipe Caban
|
|
Batting: SHB Leon Baham
|
0-0: Ball 1-0: Called Strike 1-1: Ball 2-1: Foul Ball, location: 2F 2-2: Ball 3-2: Foul Ball, location: 2F 3-2: Foul Ball, location: 2F 3-2: Fly out, F9 (Line Drive, 9, EV 91.9 MPH)
|
|
Batting: RHB Kerry Baker
|
0-0: Ball 1-0: Foul Ball, location: 2F 1-1: Called Strike 1-2: Ball 2-2: Strikes out swinging
|
|
Batting: LHB Adrian Zepeda
|
0-0: Ball 1-0: Foul Ball, location: 2F 1-1: Called Strike 1-2: Ball 2-2: Ball 3-2: Foul Ball, location: 2F 3-2: SINGLE (Line Drive, 7S, EV 89.4 MPH)
|
|
Batting: LHB Francisco Jabalera
|
0-0: Swinging Strike 0-1: Ground out 3-1 (Groundball, 34S, EV 86.9 MPH)
|
| Top of the 4th over - 0 runs, 1 hit, 0 errors, 1 left on base; Lodi 1 - Fresno 0 |
| BOTTOM OF THE 4TH |
|
Fresno Grizzlies batting - Pitching for Lodi Crushers : RHP Dale Brown
|
|
Batting: LHB Roger Hill
|
0-0: Ball 1-0: Ball 2-0: Ball 3-0: Called Strike 3-1: SINGLE (Groundball, 25, EV 65.0 MPH) (infield hit)
|
|
Batting: RHB Chris Fernandez
|
0-0: Foul Ball, location: 2F 0-1: Foul Ball, location: 2F 0-2: Ball 1-2: Ground out 4-3 (Groundball, 13, EV 83.8 MPH) Roger Hill to second
|
|
Batting: LHB Ron Oddo
|
0-0: Ball 1-0: Called Strike 1-1: Called Strike 1-2: Fly out, F8 (Flyball, 8LD, EV 91.9 MPH)
|
|
Pitching: LHP John Franco
|
|
|
Batting: RHB Tom Johnson
|
0-0: Fly out, F8 (Line Drive, 8LD, EV 87.5 MPH)
|
| Bottom of the 4th over - 0 runs, 1 hit, 0 errors, 1 left on base; Lodi 1 - Fresno 0 |
| TOP OF THE 5TH |
|
Lodi Crushers batting - Pitching for Fresno Grizzlies : RHP Felipe Caban
|
|
Batting: RHB Carmelo Martinez
|
0-0: Ball 1-0: Fly out, F8 (Line Drive, 8LD, EV 90.0 MPH)
|
|
Batting: RHB Ron Karkovice
|
0-0: Called Strike 0-1: Ball 1-1: Called Strike 1-2: Strikes out swinging
|
|
Pitching: RHP James Coffman
|
|
|
Batting: LHB Jeff Reed
|
0-0: Called Strike 0-1: Ball 1-1: Called Strike 1-2: Strikes out swinging, 2-3 out at first.
|
| Top of the 5th over - 0 runs, 0 hits, 0 errors, 0 left on base; Lodi 1 - Fresno 0 |
| BOTTOM OF THE 5TH |
|
Fresno Grizzlies batting - Pitching for Lodi Crushers : LHP John Franco
|
|
Batting: LHB Russ Aldrich
|
0-0: Fly out, F9 (Flyball, 89M, EV 91.3 MPH)
|
|
Batting: LHB Jose Rivera
|
0-0: SINGLE (Line Drive, 8RS, EV 106.9 MPH)
|
|
Batting: RHB Ivan Mesa
|
0-0: Foul Ball, location: 2F 0-1: Foul Ball, location: 2F 0-2: Fielders Choice at 2nd, 4-6 (Groundball, 34, EV 84.4 MPH)
|
|
Batting: RHB Emilio Carrasquel
|
0-0: Ball 1-0: Ball 2-0: Called Strike 2-1: Ball 3-1: Swinging Strike 3-2: SINGLE (Line Drive, 34D, EV 110.0 MPH) Ivan Mesa to second Ivan Mesa to third
|
|
Batting: RHB Mike Jirschele
|
0-0: Ground out 5-3 (Groundball, 56S, EV 83.1 MPH)
|
| Bottom of the 5th over - 0 runs, 2 hits, 0 errors, 2 left on base; Lodi 1 - Fresno 0 |
| TOP OF THE 6TH |
|
Lodi Crushers batting - Pitching for Fresno Grizzlies : RHP James Coffman
|
|
Batting: RHB Chris Baker
|
0-0: Foul Ball, location: 2F 0-1: Ball 1-1: Ball 2-1: Swinging Strike 2-2: Ball 3-2: Base on Balls
|
|
Batting: RHB Steve Aragon
|
0-0: Bunt missed! 0-1: Ball 1-1: Bunt missed! 1-2: Foul Ball, location: 2F 1-2: Fly out, F8 (Flyball, 8LXD, EV 94.4 MPH)
|
|
Batting: SHB Leon Baham
|
0-0: Called Strike 0-1: Foul Ball, location: 2F 0-2: Strikes out swinging
|
|
Batting: RHB Kerry Baker
|
0-0: Called Strike 0-1: Ball 1-1: Foul Ball, location: 2F 1-2: Strikes out swinging
|
| Top of the 6th over - 0 runs, 0 hits, 0 errors, 1 left on base; Lodi 1 - Fresno 0 |
| BOTTOM OF THE 6TH |
|
Fresno Grizzlies batting - Pitching for Lodi Crushers : LHP John Franco
|
|
Batting: LHB Roger Hill
|
0-0: Ball 1-0: Foul Ball, location: 2F 1-1: Ball 2-1: Foul Ball, location: 2F 2-2: Strikes out swinging
|
|
Batting: RHB Chris Fernandez
|
0-0: Fly out, F7 (Flyball, 7LM, EV 88.1 MPH)
|
|
Batting: LHB Ron Oddo
|
0-0: Foul Ball, location: 2F 0-1: Ball 1-1: Foul Ball, location: 2F 1-2: Ball 2-2: Ball 3-2: Ground out 5-3 (Groundball, 56, EV 85.6 MPH)
|
| Bottom of the 6th over - 0 runs, 0 hits, 0 errors, 0 left on base; Lodi 1 - Fresno 0 |
| TOP OF THE 7TH |
|
Lodi Crushers batting - Pitching for Fresno Grizzlies : RHP James Coffman
|
|
Batting: LHB Adrian Zepeda
|
0-0: Ball 1-0: Ground out 4-3 (Groundball, 4, EV 80.6 MPH)
|
|
Batting: LHB Francisco Jabalera
|
0-0: Swinging Strike 0-1: DOUBLE (Flyball, 89XD, EV 100.0 MPH)
|
|
Batting: RHB Carmelo Martinez
|
0-0: Intentional Walk
|
|
Batting: RHB Ron Karkovice
|
0-0: Foul Ball, location: 2F 0-1: Ball 1-1: Fly out, F9 (Line Drive, 9, EV 86.9 MPH)
|
|
Pitching: LHP Steven King
|
|
|
Batting: LHB Jeff Reed
|
0-0: Ball 1-0: Foul Ball, location: 2F 1-1: Fly out, F4 (Line Drive, 4, EV 66.9 MPH)
|
| Top of the 7th over - 0 runs, 1 hit, 0 errors, 2 left on base; Lodi 1 - Fresno 0 |
| BOTTOM OF THE 7TH |
|
Fresno Grizzlies batting - Pitching for Lodi Crushers : LHP John Franco
|
|
Batting: RHB Tom Johnson
|
0-0: Ground out 5-3 (Groundball, 56, EV 101.9 MPH)
|
|
Batting: LHB Russ Aldrich
|
0-0: Ball 1-0: Foul Ball, location: 2F 1-1: Fly out, F5 (Popup, 5, EV 54.4 MPH)
|
|
Batting: LHB Jose Rivera
|
0-0: Ball 1-0: Foul Ball, location: 2F 1-1: Fly out, F8 (Flyball, 8LXD, EV 76.9 MPH)
|
| Bottom of the 7th over - 0 runs, 0 hits, 0 errors, 0 left on base; Lodi 1 - Fresno 0 |
| TOP OF THE 8TH |
|
Lodi Crushers batting - Pitching for Fresno Grizzlies : LHP Steven King
|
|
Batting: RHB Chris Baker
|
0-0: Called Strike 0-1: SINGLE (Flyball, 5D, EV 91.9 MPH)
|
|
Batting: RHB Steve Aragon
|
0-0: Bunt missed! 0-1: Ball 1-1: Ball 2-1: Ball 3-1: Sac Bunt to 25 - play at first, batter OUT! 5-4 Chris Baker to second
|
|
Batting: SHB Leon Baham
|
0-0: Intentional Walk
|
|
Batting: RHB Kerry Baker
|
0-0: Called Strike 0-1: SINGLE (Line Drive, 9S, EV 100.0 MPH) Chris Baker to third Leon Baham to second
|
|
Batting: LHB Adrian Zepeda
|
0-0: Called Strike 0-1: Ball 1-1: Ball 2-1: Swinging Strike 2-2: Foul Ball, location: 2F 2-2: Strikes out swinging
|
|
Batting: LHB Francisco Jabalera
|
0-0: Ball 1-0: Ball Wild Pitch! Chris Baker scores Leon Baham to third Kerry Baker to second 2-0: Called Strike 2-1: Foul Ball, location: 2F 2-2: Ball 3-2: Strikes out swinging
|
| Top of the 8th over - 1 run, 2 hits, 0 errors, 2 left on base; Lodi 2 - Fresno 0 |
| BOTTOM OF THE 8TH |
|
Fresno Grizzlies batting - Pitching for Lodi Crushers : LHP John Franco
|
|
Batting: RHB Ivan Mesa
|
0-0: Called Strike 0-1: Foul Ball, location: 2F 0-2: Foul Ball, location: 2F 0-2: SOLO HOME RUN (Flyball, 7D, EV 93.1 MPH), Distance : 365 ft
|
|
Batting: RHB Emilio Carrasquel
|
0-0: Foul Ball, location: 2F 0-1: Ball 1-1: Swinging Strike 1-2: Fly out, F4 (Line Drive, 4, EV 68.1 MPH)
|
|
Batting: RHB Mike Jirschele
|
0-0: Called Strike 0-1: Foul Ball, location: 2F 0-2: Ball 1-2: Ball 2-2: Ground out 6-3 (Groundball, 6, EV 90.0 MPH)
|
|
Batting: LHB Roger Hill
|
0-0: Ball 1-0: Swinging Strike 1-1: Ball 2-1: Foul Ball, location: 2F 2-2: Fly out, F4 (Popup, 4MD, EV 66.9 MPH)
|
| Bottom of the 8th over - 1 run, 1 hit, 0 errors, 0 left on base; Lodi 2 - Fresno 1 |
| TOP OF THE 9TH |
|
Lodi Crushers batting - Pitching for Fresno Grizzlies : LHP Steven King
|
|
Batting: RHB Carmelo Martinez
|
0-0: Called Strike 0-1: Foul Ball, location: 2F 0-2: Ground out 6-3 (Groundball, 6M, EV 83.8 MPH)
|
|
Batting: RHB Ron Karkovice
|
0-0: Swinging Strike 0-1: Swinging Strike 0-2: Ball 1-2: Ball 2-2: Strikes out looking
|
|
Pitching: RHP Nelson Torres
|
|
|
Batting: LHB Jeff Reed
|
0-0: Ball 1-0: Ball 2-0: Ball 3-0: Called Strike 3-1: Ground out 4-3 (Groundball, 4, EV 84.4 MPH)
|
| Top of the 9th over - 0 runs, 0 hits, 0 errors, 0 left on base; Lodi 2 - Fresno 1 |
| BOTTOM OF THE 9TH |
|
Fresno Grizzlies batting - Pitching for Lodi Crushers : LHP John Franco
|
|
Batting: RHB Chris Fernandez
|
0-0: Ball 1-0: Foul Ball, location: 2F 1-1: Ball 2-1: SINGLE (Line Drive, 6D, EV 95.6 MPH)
|
|
Batting: LHB Ron Oddo
|
0-0: Ball 1-0: Fly out, F6 (Popup, 15, EV 83.1 MPH)
|
|
Batting: RHB Tom Johnson
|
0-0: Ball 1-0: Ball 2-0: Foul Ball, location: 2F 2-1: Foul Ball, location: 2F 2-2: Foul Ball, location: 2F 2-2: Ball 3-2: Strikes out swinging
|
|
Batting: LHB Russ Aldrich
|
0-0: Ball 1-0: Called Strike 1-1: Called Strike 1-2: Strikes out swinging
|
| Bottom of the 9th over - 0 runs, 1 hit, 0 errors, 1 left on base; Lodi 2 - Fresno 1 |
|